General information
- name: BNet
- type: Ladder team game (AT/RT)
- host: Battle.net
- saver: TheSwordOfDoom
map: Battleground
- players: 8
- length: 42:02
- speed: Fast
- version: 1.27 W3XP
- replay type: Public
» download(232 KB)
Players
team 1 (loser)
Gsxr600 (
yellow | 42 APM | 1760 actions | 42:02)
3 Archmage
2 Blizzard
1 Brilliance Aura
1 Blood Mage
1 Flame Strike
1 Pit Lord
1 Rain of Fire
» actions
| Assign group hotkey | 21 | |
| Basic commands | 4 | |
| Build / train | 118 | |
| ESC pressed | 1 | |
| Enter build submenu | 31 | |
| Enter hero's abilities submenu | 5 | |
| Give item / drop item | 5 | |
| Remove unit from queue | 2 | |
| Right click | 791 | |
| Select / deselect | 487 | |
| Select group hotkey | 107 | |
| Use ability | 188 | |
1760 total
» units
» upgrades
» buildings
| Lumber Mill | 1 | |
| Scout Tower | 16 | |
| Guard Tower | 15 | |
| Arcane Tower | 1 | |
| Farm | 6 | |
| Altar of Kings | 1 | |
| Arcane Vault | 2 | |
| Keep | 1 | |
| Arcane Sanctum | 1 | |
| Castle | 1 | |
45 total
» build order
00:09 Lumber Mill
01:01 Scout Tower
01:07 Scout Tower
01:13 Guard Tower
01:17 Scout Tower
01:26 Guard Tower
01:29 Scout Tower
01:40 Scout Tower
01:48 Guard Tower
01:59 Guard Tower
02:07 Guard Tower
02:07 Guard Tower
02:19 Scout Tower
02:24 Scout Tower
02:57 Arcane Tower
02:59 Scout Tower
03:19 Scout Tower
03:27 Guard Tower
03:43 Farm
03:45 Scout Tower
03:54 Guard Tower
03:56 Farm
04:18 Guard Tower
04:48 Altar of Kings
05:22 Farm
06:51 Scout Tower
07:00 Arcane Vault
07:01 Arcane Vault
08:11 Scout Tower
08:20 Guard Tower
09:13 Guard Tower
09:18 Farm
09:19 Scout Tower
10:27 Guard Tower
10:30 Farm
12:50 Keep
12:54 Scout Tower
12:55 Scout Tower
12:56 Scout Tower
13:50 Guard Tower
15:34 Guard Tower
16:34 Arcane Sanctum
18:18 Castle
28:32 Farm
» items
| Periapt of Vitality | 3 | |
| Staff of Teleportation | 3 | |
| Scroll of Regeneration | 9 | |
| Lesser Clarity Potion | 5 | |
| Scroll of Town Portal | 6 | |
| Potion of Invisibility | 9 | |
| Mechanical Critter | 15 | |
| Potion of Healing | 7 | |
| Potion of Lesser Invulnerability | 3 | |
| Potion of Mana | 3 | |
| Circlet of Nobility | 3 | |
| Scroll of Healing | 1 | |
| Scroll of Protection | 1 | |
| Boots of Speed | 1 | |
69 total
andycrazn (
red | 42 APM | 1746 actions | 42:02)
6 Keeper of the Grove
3 Force of Nature
2 Entangling Roots
1 Tranquility
» actions
| Assign group hotkey | 58 | |
| Build / train | 90 | |
| Enter build submenu | 21 | |
| Enter hero's abilities submenu | 6 | |
| Remove unit from queue | 4 | |
| Right click | 774 | |
| Select / deselect | 536 | |
| Select group hotkey | 177 | |
| Use ability | 79 | |
1746 total
» units
| Wisp | 16 | |
| Archer | 13 | |
| Huntress | 4 | |
| Dryad | 16 | |
| Druid of the Claw | 7 | |
56 total
» upgrades
| Ultravision | 1 | |
| Strength of the Moon | 3 | |
| Moon Armor | 2 | |
| Improved Bows | 1 | |
| Abolish Magic | 1 | |
| Druid of the Claw Training | 2 | |
| Strength of the Wild | 2 | |
| Marksmanship | 1 | |
| Well Spring | 1 | |
| Reinforced Hides | 2 | |
| Mark of the Claw | 1 | |
17 total
» buildings
| Altar of Elders | 1 | |
| Moon Well | 9 | |
| Ancient of War | 1 | |
| Hunter's Hall | 1 | |
| Tree of Ages | 1 | |
| Ancient of Lore | 4 | |
| Tree of Eternity | 1 | |
| Tree of Life | 2 | |
20 total
» build order
00:08 Altar of Elders
00:13 Moon Well
01:44 Ancient of War
02:02 Moon Well
04:16 Hunter's Hall
04:21 Moon Well
04:28 Tree of Ages
05:15 Moon Well
07:47 Ancient of Lore
07:54 Ancient of Lore
09:38 Moon Well
10:35 Tree of Eternity
11:25 Tree of Life
16:17 Ancient of Lore
16:24 Ancient of Lore
20:48 Moon Well
20:55 Moon Well
21:02 Moon Well
22:25 Moon Well
28:42 Tree of Life
» items
| Lesser Clarity Potion | 1 | |
| Scroll of Speed | 1 | |
| Scroll of Town Portal | 1 | |
3 total
TheSwordOfDoom (
green | 43 APM | 1817 actions | 42:02)
7 Blademaster
3 Wind Walk
3 Critical Strike
1 Bladestorm
» actions
| Assign group hotkey | 54 | |
| Basic commands | 146 | |
| Build / train | 78 | |
| Enter build submenu | 56 | |
| Enter hero's abilities submenu | 8 | |
| Give item / drop item | 14 | |
| Remove unit from queue | 8 | |
| Right click | 666 | |
| Select / deselect | 430 | |
| Select group hotkey | 212 | |
| Use ability | 145 | |
1817 total
» units
| Peon | 19 | |
| Grunt | 4 | |
| Troll Batrider | 8 | |
31 total
» upgrades
| Reinforced Defenses | 1 | |
| Liquid Fire | 1 | |
| Ranged Weapons | 3 | |
| Armor | 2 | |
| Troll Regeneration | 1 | |
8 total
» buildings
| Orc Burrow | 7 | |
| Altar of Storms | 1 | |
| Barracks | 2 | |
| Voodoo Lounge | 2 | |
| Stronghold | 1 | |
| War Mill | 2 | |
| Beastiary | 3 | |
| Watch Tower | 31 | |
| Fortress | 1 | |
| Great Hall | 6 | |
56 total
» build order
00:11 Orc Burrow
00:43 Orc Burrow
00:53 Altar of Storms
00:54 Barracks
01:07 Barracks
02:04 Voodoo Lounge
02:54 Stronghold
04:19 War Mill
04:22 Orc Burrow
05:25 Beastiary
05:26 Beastiary
07:33 Watch Tower
07:33 Watch Tower
07:34 Watch Tower
07:34 Watch Tower
07:35 Watch Tower
07:37 Orc Burrow
07:39 Orc Burrow
07:42 Orc Burrow
07:49 Orc Burrow
10:29 Fortress
10:33 Watch Tower
10:33 Watch Tower
10:34 Watch Tower
10:34 Watch Tower
10:38 Watch Tower
10:50 Watch Tower
10:50 Watch Tower
10:51 Watch Tower
12:54 Beastiary
12:57 Watch Tower
12:57 Watch Tower
12:58 Watch Tower
13:00 Watch Tower
13:10 Watch Tower
13:34 Watch Tower
13:38 Great Hall
13:39 Watch Tower
14:05 Great Hall
14:07 Watch Tower
14:08 Watch Tower
18:11 War Mill
18:26 Great Hall
22:57 Voodoo Lounge
23:07 Great Hall
23:12 Great Hall
23:36 Great Hall
24:04 Watch Tower
24:05 Watch Tower
24:08 Watch Tower
24:09 Watch Tower
24:10 Watch Tower
26:11 Watch Tower
26:12 Watch Tower
26:12 Watch Tower
» items
| Boots of Speed | 1 | |
| Healing Salve | 3 | |
| Lesser Clarity Potion | 2 | |
| Potion of Healing | 4 | |
| Potion of Mana | 4 | |
| Scroll of Town Portal | 3 | |
| Tiny Great Hall | 1 | |
| Periapt of Vitality | 2 | |
20 total
SODADODA. (
blue | 51 APM | 2132 actions | 42:02)
6 Mountain King
3 Storm Bolt
2 Bash
1 Avatar
» actions
| Assign group hotkey | 34 | |
| Basic commands | 114 | |
| Build / train | 74 | |
| Enter build submenu | 19 | |
| Enter hero's abilities submenu | 6 | |
| Give item / drop item | 4 | |
| Right click | 899 | |
| Select / deselect | 326 | |
| Select group hotkey | 577 | |
| Use ability | 79 | |
2132 total
» units
| Peasant | 16 | |
| Footman | 3 | |
| Gryphon Rider | 8 | |
27 total
» upgrades
| Lumber Harvesting | 1 | |
| Masonry | 3 | |
| Storm Hammers | 1 | |
| Cloud | 1 | |
| Swords | 2 | |
| Armor | 2 | |
| Animal War Training | 1 | |
11 total
» buildings
| Altar of Kings | 1 | |
| Barracks | 1 | |
| Farm | 10 | |
| Scout Tower | 5 | |
| Arcane Tower | 4 | |
| Arcane Vault | 2 | |
| Keep | 1 | |
| Town Hall | 3 | |
| Lumber Mill | 1 | |
| Castle | 1 | |
| Gryphon Aviary | 2 | |
| Guard Tower | 4 | |
| Blacksmith | 1 | |
36 total
» build order
00:06 Altar of Kings
00:21 Barracks
00:36 Farm
00:51 Farm
01:30 Scout Tower
01:37 Farm
01:59 Arcane Tower
01:59 Arcane Tower
02:00 Arcane Tower
02:11 Arcane Vault
03:23 Keep
03:46 Town Hall
04:55 Town Hall
05:56 Lumber Mill
06:13 Farm
07:43 Scout Tower
07:43 Scout Tower
07:43 Scout Tower
07:44 Scout Tower
07:53 Castle
07:59 Gryphon Aviary
08:03 Gryphon Aviary
08:18 Arcane Tower
08:20 Guard Tower
08:20 Guard Tower
08:56 Guard Tower
09:45 Arcane Vault
11:55 Farm
11:56 Farm
11:58 Farm
11:58 Farm
12:59 Blacksmith
14:21 Farm
14:21 Farm
28:25 Town Hall
» items
| Potion of Healing | 3 | |
| Potion of Mana | 2 | |
| Scroll of Town Portal | 2 | |
| Healing Salve | 1 | |
| Boots of Speed | 1 | |
| Dust of Appearance | 1 | |
| Potion of Lesser Invulnerability | 1 | |
| Staff of Teleportation | 2 | |
| Lesser Clarity Potion | 1 | |
| Scroll of Regeneration | 1 | |
| Orb of Fire | 1 | |
16 total
team 2 (winner)
OrcDominance (
teal | 40 APM | 678 actions | 17:05)
4 Blademaster
2 Wind Walk
2 Critical Strike
» actions
| Assign group hotkey | 11 | |
| Basic commands | 4 | |
| Build / train | 46 | |
| Enter build submenu | 14 | |
| Enter hero's abilities submenu | 4 | |
| Give item / drop item | 1 | |
| Right click | 345 | |
| Select / deselect | 203 | |
| Select group hotkey | 3 | |
| Use ability | 47 | |
678 total
» units
| Peon | 10 | |
| Grunt | 12 | |
| Troll Witch Doctor | 1 | |
| Shaman | 2 | |
25 total
» upgrades
| Melee Weapons | 2 | |
| Armor | 2 | |
| Berserker Strength | 1 | |
| Shaman Training | 2 | |
| Pulverize | 1 | |
8 total
» buildings
| Altar of Storms | 1 | |
| Orc Burrow | 6 | |
| Barracks | 2 | |
| War Mill | 1 | |
| Voodoo Lounge | 1 | |
| Stronghold | 1 | |
| Fortress | 1 | |
| Spirit Lodge | 1 | |
| Tauren Totem | 2 | |
16 total
» build order
00:10 Altar of Storms
00:12 Orc Burrow
01:09 Barracks
01:34 War Mill
01:51 Orc Burrow
03:32 Barracks
03:37 Orc Burrow
04:20 Voodoo Lounge
04:45 Orc Burrow
07:31 Stronghold
10:02 Fortress
10:45 Spirit Lodge
13:24 Tauren Totem
13:27 Tauren Totem
15:31 Orc Burrow
16:27 Orc Burrow
» items
| Lesser Clarity Potion | 1 | |
| Healing Salve | 3 | |
| Scroll of Town Portal | 1 | |
| Orb of Lightning | 1 | |
6 total
911GT3RS (
purple | 9 APM | 374 actions | 42:02)
1 Demon Hunter
1 Mana Burn
» actions
| Assign group hotkey | 8 | |
| Basic commands | 3 | |
| Build / train | 19 | |
| ESC pressed | 2 | |
| Enter build submenu | 7 | |
| Enter hero's abilities submenu | 1 | |
| Remove unit from queue | 1 | |
| Right click | 149 | |
| Select / deselect | 142 | |
| Select group hotkey | 20 | |
| Use ability | 21 | |
374 total
» units
» buildings
| Altar of Elders | 1 | |
| Moon Well | 3 | |
| Ancient of War | 1 | |
| Tree of Life | 1 | |
6 total
» build order
00:09 Altar of Elders
00:17 Moon Well
00:48 Moon Well
01:41 Moon Well
02:08 Ancient of War
04:20 Tree of Life

»
Jarryn (
pink | 54 APM | 1035 actions | 19:05)
2 Archmage
1 Blizzard
1 Brilliance Aura
1 Paladin
1 Holy Light
» actions
| Assign group hotkey | 15 | |
| Basic commands | 4 | |
| Build / train | 53 | |
| Enter build submenu | 24 | |
| Enter hero's abilities submenu | 3 | |
| Right click | 389 | |
| Select / deselect | 195 | |
| Select group hotkey | 300 | |
| Use ability | 52 | |
1035 total
» units
| Peasant | 10 | |
| Footman | 7 | |
| Spell Breaker | 1 | |
| Sorceress | 4 | |
| Dragonhawk Rider | 5 | |
27 total
» upgrades
| Masonry | 2 | |
| Plating | 1 | |
| Swords | 1 | |
| Defend | 1 | |
| Magic Sentry | 1 | |
| Cloud | 1 | |
7 total
» buildings
| Farm | 11 | |
| Altar of Kings | 1 | |
| Barracks | 1 | |
| Blacksmith | 1 | |
| Scout Tower | 6 | |
| Lumber Mill | 1 | |
| Arcane Vault | 1 | |
| Arcane Tower | 2 | |
| Guard Tower | 4 | |
| Keep | 1 | |
| Arcane Sanctum | 1 | |
| Gryphon Aviary | 1 | |
| Castle | 1 | |
32 total
» build order
00:06 Farm
00:09 Altar of Kings
02:39 Barracks
03:45 Farm
04:12 Blacksmith
04:33 Farm
04:39 Scout Tower
04:51 Lumber Mill
05:09 Arcane Vault
05:14 Scout Tower
05:17 Arcane Tower
05:25 Farm
05:30 Farm
05:57 Guard Tower
06:07 Scout Tower
06:15 Scout Tower
06:19 Farm
06:42 Guard Tower
06:45 Guard Tower
06:53 Farm
07:05 Farm
08:02 Keep
08:09 Scout Tower
08:13 Farm
08:47 Guard Tower
09:34 Farm
09:35 Farm
10:37 Arcane Sanctum
11:22 Scout Tower
11:33 Gryphon Aviary
11:55 Arcane Tower
13:35 Castle
» items
| Scroll of Regeneration | 3 | |
| Lesser Clarity Potion | 1 | |
| Scroll of Town Portal | 2 | |
6 total
HolyMIGHT (
orange | 95 APM | 3973 actions | 41:46)
6 Paladin
3 Holy Light
3 Divine Shield
5 Blood Mage
3 Flame Strike
2 Banish
» actions
| Assign group hotkey | 97 | |
| Basic commands | 99 | |
| Build / train | 156 | |
| ESC pressed | 4 | |
| Enter build submenu | 43 | |
| Enter hero's abilities submenu | 12 | |
| Give item / drop item | 16 | |
| Remove unit from queue | 1 | |
| Right click | 1828 | |
| Select / deselect | 494 | |
| Select group hotkey | 1060 | |
| Use ability | 163 | |
3973 total
» units
| Peasant | 19 | |
| Footman | 4 | |
| Rifleman | 10 | |
| Dragonhawk Rider | 5 | |
| Gryphon Rider | 2 | |
| Knight | 1 | |
41 total
» upgrades
| Gunpowder | 3 | |
| Armor | 3 | |
| Long Rifles | 1 | |
| Masonry | 3 | |
| Swords | 3 | |
| Cloud | 1 | |
| Lumber Harvesting | 1 | |
| Storm Hammers | 1 | |
| Animal War Training | 1 | |
17 total
» buildings
| Farm | 14 | |
| Barracks | 3 | |
| Altar of Kings | 1 | |
| Lumber Mill | 1 | |
| Blacksmith | 1 | |
| Arcane Vault | 2 | |
| Keep | 2 | |
| Scout Tower | 17 | |
| Guard Tower | 23 | |
| Town Hall | 1 | |
| Arcane Tower | 12 | |
| Castle | 2 | |
| Gryphon Aviary | 3 | |
82 total
» build order
01:03 Farm
01:16 Barracks
01:19 Altar of Kings
01:22 Farm
01:34 Farm
01:40 Farm
02:30 Lumber Mill
02:47 Farm
02:50 Blacksmith
03:02 Arcane Vault
03:06 Arcane Vault
04:01 Farm
04:03 Farm
04:14 Keep
04:14 Keep
05:15 Scout Tower
05:16 Scout Tower
05:17 Scout Tower
05:49 Guard Tower
05:49 Guard Tower
05:49 Guard Tower
08:04 Town Hall
08:07 Scout Tower
08:08 Scout Tower
08:08 Scout Tower
08:09 Scout Tower
08:10 Scout Tower
08:11 Scout Tower
08:21 Farm
08:23 Farm
08:47 Guard Tower
08:48 Guard Tower
08:48 Guard Tower
09:38 Arcane Tower
09:38 Arcane Tower
11:05 Castle
11:06 Castle
12:26 Guard Tower
12:32 Guard Tower
12:32 Guard Tower
12:32 Guard Tower
12:33 Guard Tower
13:01 Scout Tower
13:02 Scout Tower
13:03 Scout Tower
14:46 Guard Tower
15:57 Gryphon Aviary
15:58 Gryphon Aviary
15:58 Gryphon Aviary
16:13 Scout Tower
16:14 Scout Tower
16:16 Scout Tower
16:44 Arcane Tower
16:44 Arcane Tower
17:00 Arcane Tower
17:00 Arcane Tower
17:00 Arcane Tower
18:09 Farm
18:10 Farm
18:13 Farm
18:27 Arcane Tower
18:27 Arcane Tower
19:58 Scout Tower
19:59 Scout Tower
22:47 Barracks
22:49 Barracks
23:01 Guard Tower
23:01 Guard Tower
23:01 Guard Tower
23:02 Guard Tower
23:02 Guard Tower
25:49 Farm
25:50 Farm
» items
| Scroll of Regeneration | 3 | |
| Lesser Clarity Potion | 4 | |
| Boots of Speed | 6 | |
| Staff of Teleportation | 2 | |
| Periapt of Vitality | 1 | |
| Scroll of Town Portal | 2 | |
| Ivory Tower | 2 | |
| Scroll of Protection | 2 | |
| Scroll of Healing | 2 | |
24 total
Chat log
(00:28 / Allies) Gsxr600: if orc or ne feed me plz
(00:29 / All) TheSwordOfDoom: It's leviOsa, not levioSA
(00:37 / Allies) Gsxr600: got him
(00:42 / Allies) Gsxr600: feed plz fast
(00:44 / Allies) Gsxr600: trust
(01:05 / Allies) Gsxr600: gold wood
(01:22 / Allies) Gsxr600: gold pz !!!
(02:19 / All) TheSwordOfDoom: GOT EEM
(02:32 / Allies) TheSwordOfDoom: can tower reach wisp
(03:30 / All) andycrazn: gg
(03:36 / All) Gsxr600: gg
(03:44 / All) HolyMIGHT: lmao
(03:51 / All) HolyMIGHT: yeah
(03:54 / All) andycrazn: you mad doggie?
(03:56 / All) HolyMIGHT: sissies lol
(04:01 / All) OrcDominance: you guys could have tried to help at least
(04:07 / All) HolyMIGHT: you should be mad you had to match me
(06:20 / Allies) TheSwordOfDoom: help
(06:27 / Allies) Gsxr600: burrow
(06:28 / Allies) SODADODA.: tp red
(06:30 / Allies) Gsxr600: green repair it
(06:30 / Allies) SODADODA.: tp green
(07:16 / Allies) TheSwordOfDoom: gold and lumber
(07:43 / Allies) TheSwordOfDoom: lumber
(08:14 / Allies) SODADODA.: wood plz towering exo
(09:53 / All) TheSwordOfDoom: jesus crhist
(10:09 / All) TheSwordOfDoom: fucking faggot
(10:15 / Allies) Gsxr600: green kill grunts
(10:17 / Allies) Gsxr600: not bm
(10:26 / All) SODADODA.: curve ball
(10:39 / Allies) TheSwordOfDoom: gold
(11:36 / Allies) TheSwordOfDoom: lumbs
(11:46 / All) HolyMIGHT: noob lol
(11:47 / Allies) TheSwordOfDoom: lumber me yellow
(12:51 / All) OrcDominance: greed
(13:05 / Allies) TheSwordOfDoom: gold
(14:19 / Allies) andycrazn: ATTACK
(14:21 / Allies) andycrazn: THEY DISTRACTED
(14:45 / Allies) andycrazn: GO
(14:52 / All) HolyMIGHT: retard lol
(14:58 / All) andycrazn: WHOOPS
(15:03 / Allies) TheSwordOfDoom: grunts
(15:04 / Allies) TheSwordOfDoom: grunts
(15:48 / All) HolyMIGHT: I'm gonna shit fury on you faggots
(15:56 / Allies) Gsxr600: blue gold me little
(16:02 / All) HolyMIGHT: time to go 80 food and rape both your assholes
(16:55 / Allies) Gsxr600: mh
(16:57 / All) Gsxr600: lol nice mh
(17:01 / All) HolyMIGHT: lmao
(17:08 / All) Gsxr600: u realize im invis
(17:11 / All) HolyMIGHT: yup
(17:15 / All) Gsxr600: recorded
(17:19 / All) HolyMIGHT: good for you lol
(17:21 / All) HolyMIGHT: I'm going to rape you
(17:32 / All) HolyMIGHT: eat my shit faggot
(17:38 / All) Gsxr600: whats it to me? its funny that little dicked fat kids need an advantage and ruint he game
(17:42 / All) HolyMIGHT: LOL]
(17:45 / All) SODADODA.: wtf
(18:03 / All) HolyMIGHT: raped
(18:48 / All) Gsxr600: your mh couldnt help the tower?
(18:51 / All) Gsxr600: u mad bro?
(18:53 / All) HolyMIGHT: ?
(19:00 / All) Jarryn: one of you is mh too
(19:15 / All) SODADODA.: how lawl
(19:19 / All) TheSwordOfDoom: why puprle still her
(19:27 / All) HolyMIGHT: nice one yellow
(19:29 / All) HolyMIGHT: you killed some trees
(19:45 / All) HolyMIGHT: I'm gonna kill your whole base
(20:20 / All) HolyMIGHT: if this noob elf
(20:22 / All) HolyMIGHT: would step away
(20:25 / All) HolyMIGHT: one sec
(21:36 / All) andycrazn: damn orange
(21:59 / All) Gsxr600: fail more
(22:02 / All) HolyMIGHT: LOL
(22:09 / All) andycrazn: noob alert
(23:39 / All) SODADODA.: yellow = sc2no.wc4yes??
(24:09 / All) HolyMIGHT: he's just some scrub
(24:31 / All) HolyMIGHT: 40 apm ladder trash
(24:39 / All) TheSwordOfDoom: THIS IS AN ORC WORLD BABY
(27:02 / Allies) Gsxr600: gold plz for hero
(27:08 / Allies) andycrazn: green
(27:09 / Allies) andycrazn: wtf?
(27:24 / All) TheSwordOfDoom: lay down and rot
(27:25 / All) TheSwordOfDoom: it's over boyo
(28:04 / Allies) Gsxr600: red help kill bm
(28:06 / Allies) Gsxr600: tk
(28:09 / All) 911GT3RS: was that 1v4? I'm a little embarrased for you guys.
(28:17 / All) SODADODA.: lawl yeap
(29:13 / Allies) TheSwordOfDoom: can't hide from me
(29:18 / Allies) Gsxr600: lol
(29:19 / Allies) TheSwordOfDoom: you're dead meat
(29:25 / Allies) Gsxr600: u mad too
(29:30 / Allies) TheSwordOfDoom: u mad
(29:38 / Allies) Gsxr600: guy who couldnt even burrow calling for help
(29:40 / All) 911GT3RS: lol red
(29:43 / All) 911GT3RS: gettin rekt
(29:52 / All) 911GT3RS: time and time again
(29:58 / All) TheSwordOfDoom: unupgraded burrows vs 12 grunts
(30:00 / All) TheSwordOfDoom: yeah that matters
(30:23 / All) 911GT3RS: you're red?
(31:44 / Allies) andycrazn: whats going
(31:44 / Allies) andycrazn: on
(31:51 / Allies) SODADODA.: u tked green earlier
(31:55 / Allies) TheSwordOfDoom: u got tricked
(31:57 / Allies) andycrazn: huh?
(32:02 / Allies) TheSwordOfDoom: you've been hornswaggled
(32:19 / All) andycrazn: what?
(32:26 / Allies) TheSwordOfDoom: and you lose!
(33:08 / All) andycrazn: so
(33:14 / All) andycrazn: wth is going on
(33:23 / Allies) TheSwordOfDoom: ... you've been hornswaggled
(33:24 / Allies) Gsxr600: red you too stupid to realizwe what was happening?
(33:26 / All) SODADODA.: preparing for game of throens season 6
(33:37 / All) 911GT3RS: thinking about popcorn
(33:40 / All) 911GT3RS: or oreos
(33:44 / All) 911GT3RS: can't decide
(33:45 / All) Gsxr600: nothing to prepare
(33:47 / Allies) TheSwordOfDoom: where yellow farm
(33:49 / All) andycrazn: i knew what was happening
(33:55 / All) Gsxr600: jora brings the rock guys
(34:02 / All) Gsxr600: bran turns into big dragon
(34:11 / All) Gsxr600: and flames all the undead
(35:59 / All) Gsxr600: lol going for coffee run @ work peace
(36:29 / All) SODADODA.: just tip your hats to us, we did good
(38:28 / All) SODADODA.: "love tap time
(38:42 / All) HolyMIGHT: wanna help kill my shit
(38:50 / All) HolyMIGHT: I'll queue up production then send my stuff to ur base
(38:54 / All) TheSwordOfDoom: why does bash work against allies
(38:57 / All) TheSwordOfDoom: but not critical strike
(39:00 / All) HolyMIGHT: dunno but it's sick
(39:07 / All) HolyMIGHT: I like MK as second hero when tking
(39:09 / All) HolyMIGHT: for bash lawl
(39:45 / All) TheSwordOfDoom: purple is 2-0
(39:57 / All) SODADODA.: i think he'll stay
(40:05 / All) SODADODA.: purple leave your computer/wc3 on all night
(40:11 / All) SODADODA.: we'll whisper u tomorrow
(40:13 / All) SODADODA.: if game is sitll on
(41:45 / All) HolyMIGHT: gl
(41:58 / All) TheSwordOfDoom: fare thee well